 Dungeon Crawl Stone Soup version 0.15.2 (webtiles) character file.

108 magipi the Grave Robber (level 4, -5/30 HPs)
             Began as a Mummy Necromancer on Dec 18, 2014.
             Slain by magipi's ghost (11 damage)
             ... on Level 3 of the Dungeon.
             The game lasted 00:16:58 (3085 turns).

magipi the Grave Robber (Mummy Necromancer)         Turns: 3085, Time: 00:16:58

HP  -5/30        AC  3     Str 11      XL: 4   Next: 58%
MP   7/7         EV 12     Int 20      God:
Gold 175         SH  0     Dex 13      Spells:  3 memorised,  2 levels left

rFire  x . .     SeeInvis .     a - +0 spear
rCold  + . .     Clarity  .     i - +0 robe
rNeg   + + +     rCorr    .     (no shield)
rPois  +         rRot     +     (no helmet)
rElec  .         Spirit   .     (no cloak)
SustAb .         Warding  .     (no gloves)
rMut   .         Stasis   .     k - +0 pair of boots
Gourm  .                        (no amulet)
MR     .....                    f - +2 ring of intelligence
                                l - +4 ring of intelligence

@: not resistant to hostile enchantments, unstealthy
A: no food or potions, fire vulnerability, restore body, cold resistance 1,
negative energy resistance 3, poison resistance, torment resistance, unbreathing
a: no special abilities


You were on level 3 of the Dungeon.
You were not hungry.

You visited 1 branch of the dungeon, and saw 3 of its levels.

You collected 175 gold pieces.

Notes
Turn   | Place    | Note
--------------------------------------------------------------
     0 | D:1      | magipi, the Mummy Necromancer, began the quest for the Orb.
     0 | D:1      | Reached XP level 1. HP: 13/13 MP: 3/3
   171 | D:1      | Learned a level 1 spell: Animate Skeleton
   263 | D:1      | Reached XP level 2. HP: 19/19 MP: 0/4
  1416 | D:2      | Reached skill level 5 in Necromancy
  1416 | D:2      | Reached XP level 3. HP: 24/24 MP: 4/6
  1813 | D:2      | Found a deep blue altar of Sif Muna.
  2017 | D:2      | Learned a level 3 spell: Vampiric Draining
  2088 | D:2      | Found a basalt altar of Yredelemnul.
  2114 | D:2      | Reached XP level 4. HP: 30/30 MP: 2/7
  2341 | D:2      | Found a glowing silver altar of Zin.
  2344 | D:2      | Noticed an angel
  2573 | D:3      | Noticed magipi's ghost (average FeBe)
  2767 | D:3      | Reached skill level 6 in Necromancy
  3085 | D:3      | Slain by magipi's ghost

Inventory:

Hand weapons
 a - a +0 spear (weapon)
Missiles
 g - 2 poisoned javelins (quivered)
Armour
 i - a +0 robe (worn)
 k - a +0 pair of boots (worn)
Scrolls
 c - a scroll of immolation {unknown}
 d - a scroll of amnesia {unknown}
 e - 2 scrolls of fear
 h - a scroll of random uselessness {unknown}
 j - a scroll of remove curse
 m - 2 scrolls of identify
 n - a scroll of teleportation {unknown}
Jewellery
 f - a +2 ring of intelligence (right hand)
 l - a +4 ring of intelligence (left hand)
Books
 b - a book of Necromancy

   Spells                             Type                      Level
   *Pain                              Necromancy                   1
   *Animate Skeleton                  Necromancy                   1
   *Vampiric Draining                 Necromancy                   3
   Regeneration                       Charms/Necromancy            3
   Animate Dead                       Necromancy                   4
   Control Undead                     Necromancy                   4


   Skills:
 - Level 1.5 Dodging
 - Level 1.5 Stealth
 - Level 2.0 Spellcasting
 + Level 6.0 Necromancy


You had 2 spell levels left.
You knew the following spells:

 Your Spells              Type           Power        Failure   Level  Hunger
a - Pain                  Necr           ####         1%          1    N/A
b - Animate Skeleton      Necr           N/A          1%          1    N/A
c - Vampiric Draining     Necr           ####......   4%          3    N/A

Dungeon Overview and Level Annotations

Branches:
Dungeon (3/15)

Altars:
Sif Muna
Yredelemnul
Zin

Annotations:
D:3 magipi's ghost, average FeBe


Innate Abilities, Weirdness & Mutations

You do not eat or drink.
Your flesh is vulnerable to fire.
Your flesh is cold resistant.
You are immune to negative energy.
Your system is resistant to poisons.
You are immune to unholy pain and torment.
You can survive without breathing.

Vault maps used:
D:1:      shiori_arrival_elements, st_stairs_4
D:2:      zin_angel, lemuel_doored_altar, led_sif_pool
D:3:      uniq_natasha


Message History

You kill the orc!
Casting: Pain
Confirm with . or Enter, or press ? or * to list all spells.
Aiming: Pain
Press: ? - help, Shift-Dir - straight line, f - orc
Aim: an orc, wielding a hand axe The orc convulses in agony!
Casting: Pain
Confirm with . or Enter, or press ? or * to list all spells.
Aiming: Pain
Press: ? - help, Shift-Dir - straight line, f/p - orc
Aim: an orc, wielding a hand axe (heavily wounded)
The orc convulses in agony!
Casting: Pain
Confirm with . or Enter, or press ? or * to list all spells.
Aiming: Pain
Press: ? - help, Shift-Dir - straight line, f/p - orc
Aim: an orc, wielding a hand axe (almost dead)
The orc convulses in agony!
You kill the orc!
Casting: Pain
Confirm with . or Enter, or press ? or * to list all spells.
Aiming: Pain
Press: ? - help, Shift-Dir - straight line, f - orc
Aim: an orc, wielding a war axe The orc convulses in agony!
Casting: Pain
Confirm with . or Enter, or press ? or * to list all spells.
Aiming: Pain
Press: ? - help, Shift-Dir - straight line, f/p - orc
Aim: an orc, wielding a war axe (heavily wounded)
The orc convulses in agony!
You kill the orc!
Casting: Pain
Confirm with . or Enter, or press ? or * to list all spells.
You can't see any susceptible monsters within range! (Use Z to cast anyway.)
You see here a hand axe.
Things that are here:
a war axe; a whip; an orc corpse Unknown command.
You hit the giant cockroach but do no damage.
The giant cockroach barely misses you.
You closely miss the giant cockroach.
The giant cockroach completely misses you.
You barely miss the giant cockroach. The giant cockroach barely misses you.
The giant cockroach closely misses you.
You barely miss the giant cockroach. The giant cockroach barely misses you.
You hit the giant cockroach.
The giant cockroach is moderately wounded.
The giant cockroach barely misses you.
You barely miss the giant cockroach.
The giant cockroach is moderately wounded.
The giant cockroach bites you but does no damage.
You hit the giant cockroach.
You kill the giant cockroach!
No target in view!
No target in view!
Things that are here:
a war axe; a whip; an orc corpse
Casting: Pain
Confirm with . or Enter, or press ? or * to list all spells.
You attempt to give life to the dead...
Before your eyes, flesh is ripped from the corpse!
The dead are walking!
You see here 2 chunks of orc flesh.
Unknown command.
You start resting.
Magic restored.
You see here a giant cockroach corpse.
Found 7 gold pieces.
m - 3 scrolls labeled SINUAL THUO (gained 1)
You now have 175 gold pieces (gained 7).
Magipi's ghost turns its malevolent gaze towards you.
Found 32 arrows.
Magipi's ghost hits you!
Magipi's ghost hits you but does no damage.
You swap places.
Your orc skeleton hits magipi's ghost with a war axe.
Magipi's ghost hits your orc skeleton. Something hits your orc skeleton!
Your orc skeleton is destroyed!
You see here a giant cockroach corpse.
Magipi's ghost hits you!
You see here 2 chunks of orc flesh.
You see here an uncursed whip.
Magipi's ghost whispers, "The ORB doesn't exist."
You see here a hand axe.
Magipi's ghost hits you!
* * * LOW HITPOINT WARNING * * *
Read which item? (? for menu, Esc to quit)
As you read the scroll labeled SINUAL THUO, it crumbles to dust.
It is a scroll of identify.
Identify which item? (\ to view known items) (? for menu, Esc to quit)
e - 2 scrolls of fear Magipi's ghost misses you.
Read which item? (? for menu, Esc to quit)
As you read the scroll labeled YDGHIQU JUOJ, it crumbles to dust.
You feel blessed for a moment.
It was a scroll of remove curse.
Magipi's ghost hits you!
You die...

#### #..# ##..## ### ##....## #..
#......########################..
..............).@W.))%..%........
.......#####################..#..
.#....## ##.#.. .##..## #..##
.##..# ###..# ....##
#############..... ...##
###...)............. ##..## #
#.....#########..... ##.$#.....#
#.....# ####.#


You could see magipi's ghost.

Vanquished Creatures
  4 adders
  2 worms (D:2)
  4 giant geckos (D:1)
  3 orcs (D:3)
  A ball python (D:1)
  4 giant cockroaches
  5 goblins
  5 hobgoblins
  A jackal (D:1)
  8 kobolds
  5 bats
  2 giant newts
  4 rats
48 creatures vanquished.

Vanquished Creatures (collateral kills)
  An inept item mimic (D:1)
  A hobgoblin (D:1)
  A jackal (D:1)
3 creatures vanquished.

Vanquished Creatures (others)
  An adder skeleton (D:3)
  2 bat skeletons (D:3)
  A goblin skeleton (D:1)
  2 kobold skeletons
  An orc skeleton (D:3)
7 creatures vanquished.

Grand Total: 58 creatures vanquished

Action                   |  1- 3 |  4- 6 || total
-------------------------+-------+-------++-------
Melee: Unarmed           |     5 |       ||     5
       Spear             |    30 |    18 ||    48
       Whip              |     8 |       ||     8
 Cast: Pain              |    49 |    31 ||    80
       Animate Skeleton  |    12 |     7 ||    19
  Use: Scroll            |       |     2 ||     2

Action                   |  1- 3 |  4- 6 || total
-------------------------+-------+-------++-------
Melee: Unarmed           |     5 |       ||     5
       Spear             |    30 |    18 ||    48
       Whip              |     8 |       ||     8
 Cast: Pain              |    49 |    31 ||    80
       Animate Skeleton  |    12 |     7 ||    19
  Use: Scroll            |       |     2 ||     2
